SAAA
HIALEAH DODOS @ TORTOLITA DRUMMERS
08/22/2021
 
TOP OF THE 1ST
Hialeah Dodos batting - Pitching for Tortolita Drummers : RHP Curt Pennington
Pitching: RHP Curt Pennington
Batting: RHB Ludwig Kluge 0-0: Ball
1-0: Called Strike
1-1: Ground out 5-3 (Groundball, 56S)
Batting: RHB José Ramírez 0-0: Ball
1-0: Ball
2-0: Foul Ball, location: 2F
2-1: Swinging Strike
2-2: Foul Ball, location: 2F
2-2: Strikes out looking
Batting: RHB David Nielsen 0-0: Swinging Strike
0-1: Ball
1-1: SINGLE (Flyball, 8RS)
Batting: RHB Joe Guy 0-0: Called Strike
David Nielsen is caught stealing 2nd base
Top of the 1st over - 0 run(s), 1 hit(s), 0 error(s), 0 left on base; Hialeah 0 - Tortolita 0
BOTTOM OF THE 1ST
Tortolita Drummers batting - Pitching for Hialeah Dodos : RHP José Guzmán
Pitching: RHP José Guzmán
Batting: RHB Robert Bailey 0-0: Ground out 5-3 (Groundball, 5S)
Batting: RHB Dan Lewis 0-0: Foul Ball, location: 2F
0-1: Ball
1-1: Fly out, F8 (Flyball, 8RM)
Batting: RHB Ray Whittier 0-0: Ball
1-0: Ball
2-0: Ground out 2-3 (Groundball, 23)
Bottom of the 1st over - 0 run(s), 0 hit(s), 0 error(s), 0 left on base; Hialeah 0 - Tortolita 0
TOP OF THE 2ND
Hialeah Dodos batting - Pitching for Tortolita Drummers : RHP Curt Pennington
Batting: RHB Joe Guy 0-0: SINGLE (Groundball, 6MD)
Batting: LHB Jeff Conklin 0-0: Ball
1-0: Foul Ball, location: 2F
1-1: Called Strike
1-2: Ball
2-2: Ball
3-2: Strikes out swinging
Batting: RHB Ji-chol Yang 0-0: Swinging Strike
0-1: Grounds into double play, 6-4-3 (Groundball, 6)
Top of the 2nd over - 0 run(s), 1 hit(s), 0 error(s), 0 left on base; Hialeah 0 - Tortolita 0
BOTTOM OF THE 2ND
Tortolita Drummers batting - Pitching for Hialeah Dodos : RHP José Guzmán
Batting: LHB Keith Spear 0-0: Called Strike
0-1: SOLO HOME RUN (Flyball, 89XD), Distance : 405 ft
Batting: RHB Nick Reed 0-0: Ground out 6-3 (Groundball, 6MS)
Batting: RHB Jim Harris 0-0: Called Strike
0-1: Called Strike
0-2: Foul Ball, location: 2F
0-2: Ball
1-2: Foul Ball, location: 2F
1-2: Foul Ball, location: 2F
1-2: Ball
2-2: Foul Ball, location: 2F
2-2: SINGLE (Line Drive, 8RS)
Batting: SHB Omar Gutiérrez 0-0: Called Strike
0-1: Ball
1-1: Ball
2-1: Foul Ball, location: 2F
2-2: Ball
3-2: Fly out, F8 (Line Drive, 8RD)
Batting: LHB Raúl Andrade 0-0: Ball
1-0: Called Strike
1-1: Ball
2-1: Foul Ball, location: 2F
2-2: Ball
3-2: Strikes out swinging
Bottom of the 2nd over - 1 run(s), 2 hit(s), 0 error(s), 1 left on base; Hialeah 0 - Tortolita 1
TOP OF THE 3RD
Hialeah Dodos batting - Pitching for Tortolita Drummers : RHP Curt Pennington
Batting: RHB Javier Santos 0-0: Foul Ball, location: 2F
0-1: Called Strike
0-2: Ball
1-2: Ball
2-2: Ball
3-2: Foul Ball, location: 2F
3-2: Strikes out swinging
Batting: RHB Pedro Longoria 0-0: Ball
1-0: DOUBLE (Line Drive, 7LM)
Batting: RHB Carl Carlson 0-0: Called Strike
0-1: Ball
Pedro Longoria steals 3rd base
1-1: Ball
2-1: Ball
3-1: Foul Ball, location: 2F
3-2: Base on Balls
Batting: RHB Ludwig Kluge 0-0: Foul Ball, location: 2F
0-1: Called Strike
0-2: Ball
1-2: Foul Ball, location: 2F
1-2: Foul Ball, location: 2F
1-2: Fly out, F2 (Popup, 2LF)
Batting: RHB José Ramírez 0-0: Foul Ball, location: 2F
0-1: Foul Ball, location: 2F
0-2: Foul Ball, location: 2F
0-2: Ball
1-2: Ball
2-2: Strikes out looking
Top of the 3rd over - 0 run(s), 1 hit(s), 0 error(s), 2 left on base; Hialeah 0 - Tortolita 1
BOTTOM OF THE 3RD
Tortolita Drummers batting - Pitching for Hialeah Dodos : RHP José Guzmán
Batting: LHB Jesse Taylor 0-0: Foul Ball, location: 2F
0-1: Foul Ball, location: 2F
0-2: SINGLE (Line Drive, 3L)
Batting: RHB Robert Bailey 0-0: Ball
1-0: Ball
2-0: Foul Ball, location: 2F
2-1: Foul Ball, location: 2F
2-2: Ball
3-2: Fly out, F2 (Popup, 2R)
Batting: RHB Dan Lewis 0-0: Ball
1-0: Called Strike
1-1: Ball
2-1: Called Strike
2-2: Strikes out swinging
Batting: RHB Ray Whittier 0-0: Fielders Choice at 2nd, 6-4 (Groundball, 6)
Bottom of the 3rd over - 0 run(s), 1 hit(s), 0 error(s), 0 left on base; Hialeah 0 - Tortolita 1
TOP OF THE 4TH
Hialeah Dodos batting - Pitching for Tortolita Drummers : RHP Curt Pennington
Batting: RHB David Nielsen 0-0: Ball
1-0: Called Strike
1-1: Ball
2-1: Foul Ball, location: 2F
2-2: Foul Ball, location: 2F
2-2: Ground out 3-1 (Groundball, 34)
Batting: RHB Joe Guy 0-0: Reached on error, E6 (Groundball, 6)
Batting: LHB Jeff Conklin 0-0: Ball
1-0: Foul Ball, location: 2F
1-1: Ground out 1-3 (Groundball, 13)
Joe Guy to third
Batting: RHB Ji-chol Yang 0-0: Ball
1-0: Ball
2-0: Ground out 1-3 (Groundball, 13)
Top of the 4th over - 0 run(s), 0 hit(s), 1 error(s), 1 left on base; Hialeah 0 - Tortolita 1
BOTTOM OF THE 4TH
Tortolita Drummers batting - Pitching for Hialeah Dodos : RHP José Guzmán
Batting: LHB Keith Spear 0-0: DOUBLE (Line Drive, 3D)
Batting: RHB Nick Reed 0-0: Ball
1-0: Ball
2-0: Swinging Strike
2-1: Ground out 1-3 (Groundball, 15)
Batting: RHB Jim Harris 0-0: Ball
1-0: Ball
2-0: Ball
3-0: Base on Balls
Batting: SHB Omar Gutiérrez 0-0: Called Strike
0-1: Ball
1-1: Fielders Choice at 2nd, 6-4 (Groundball, 6M)
Keith Spear to third
Batting: LHB Raúl Andrade 0-0: Foul Ball, location: 2F
0-1: Swinging Strike
0-2: Foul Ball, location: 2F
0-2: Ball
1-2: Strikes out swinging
Bottom of the 4th over - 0 run(s), 1 hit(s), 0 error(s), 2 left on base; Hialeah 0 - Tortolita 1
TOP OF THE 5TH
Hialeah Dodos batting - Pitching for Tortolita Drummers : RHP Curt Pennington
Batting: RHB Javier Santos 0-0: Ball
1-0: Ball
2-0: Ground out 1-3 (Groundball, 15)
Batting: RHB Pedro Longoria 0-0: Ball
1-0: Swinging Strike
1-1: Fly out, F8 (Flyball, 78D)
Batting: RHB Carl Carlson 0-0: Ball
1-0: Ball
2-0: Foul Ball, location: 2F
2-1: Foul Ball, location: 2F
2-2: Strikes out looking
Top of the 5th over - 0 run(s), 0 hit(s), 0 error(s), 0 left on base; Hialeah 0 - Tortolita 1
BOTTOM OF THE 5TH
Tortolita Drummers batting - Pitching for Hialeah Dodos : RHP José Guzmán
Batting: LHB Jesse Taylor 0-0: Called Strike
0-1: Swinging Strike
0-2: Ball
1-2: Strikes out swinging
Batting: RHB Robert Bailey 0-0: Ball
1-0: SINGLE (Flyball, 78S)
Batting: RHB Dan Lewis 0-0: Ball
1-0: Ball
2-0: Ball
3-0: Called Strike
3-1: Foul Ball, location: 2F
3-2: Fly out, F1 (Popup, 13)
Batting: RHB Ray Whittier 0-0: Ball
1-0: Called Strike
1-1: Called Strike
Robert Bailey steals 2nd base
1-2: Strikes out swinging
Bottom of the 5th over - 0 run(s), 1 hit(s), 0 error(s), 1 left on base; Hialeah 0 - Tortolita 1
TOP OF THE 6TH
Hialeah Dodos batting - Pitching for Tortolita Drummers : RHP Curt Pennington
Batting: RHB Ludwig Kluge 0-0: Ball
1-0: Swinging Strike
1-1: Called Strike
1-2: Ball
2-2: SINGLE (Groundball, 6MD)
Batting: RHB José Ramírez 0-0: Ball
1-0: Sac Bunt - play at first, batter OUT! 1-4
Ludwig Kluge to second
Batting: RHB David Nielsen 0-0: Ball
1-0: Called Strike
1-1: Ball
2-1: Foul Ball, location: 2F
2-2: Strikes out looking
Batting: RHB Joe Guy 0-0: Ball
Wild Pitch!
Ludwig Kluge to third
1-0: Ball
2-0: Ball
3-0: Base on Balls
Batting: LHB Jeff Conklin 0-0: Called Strike
0-1: Foul Ball, location: 2F
0-2: Ball
1-2: Ball
2-2: Ball
3-2: Strikes out looking
Top of the 6th over - 0 run(s), 1 hit(s), 0 error(s), 2 left on base; Hialeah 0 - Tortolita 1
BOTTOM OF THE 6TH
Tortolita Drummers batting - Pitching for Hialeah Dodos : RHP José Guzmán
Batting: LHB Keith Spear 0-0: Called Strike
0-1: Ground out 3-1 (Groundball, 34)
Batting: RHB Nick Reed 0-0: Called Strike
0-1: Ball
1-1: Foul Ball, location: 2F
1-2: Ball
2-2: Ball
3-2: Ground out 6-3 (Groundball, 6)
Batting: RHB Jim Harris 0-0: Foul Ball, location: 2F
0-1: Ball
1-1: Ball
2-1: Ball
3-1: Foul Ball, location: 2F
3-2: Foul Ball, location: 2F
3-2: Foul Ball, location: 2F
3-2: Base on Balls
Batting: SHB Omar Gutiérrez 0-0: Called Strike
Jim Harris is caught stealing 2nd base
Bottom of the 6th over - 0 run(s), 0 hit(s), 0 error(s), 0 left on base; Hialeah 0 - Tortolita 1
TOP OF THE 7TH
Hialeah Dodos batting - Pitching for Tortolita Drummers : RHP Curt Pennington
Batting: RHB Ji-chol Yang 0-0: Ball
1-0: Fly out, F8 (Flyball, 8LD)
Batting: RHB Javier Santos 0-0: Called Strike
0-1: Ball
1-1: Ball
2-1: Ground out 4-3 (Groundball, 4)
Batting: RHB Pedro Longoria 0-0: Foul Ball, location: 2F
0-1: Ball
1-1: SINGLE (Line Drive, 89S)
Pitching: RHP Javier Estrada
Batting: RHB Carl Carlson 0-0: Ball
1-0: Fly out, F8 (Flyball, 8LXD)
Top of the 7th over - 0 run(s), 1 hit(s), 0 error(s), 1 left on base; Hialeah 0 - Tortolita 1
BOTTOM OF THE 7TH
Tortolita Drummers batting - Pitching for Hialeah Dodos : RHP José Guzmán
Batting: SHB Omar Gutiérrez 0-0: Ball
1-0: Ball
2-0: Ball
3-0: Called Strike
3-1: Base on Balls
Batting: LHB Raúl Andrade 0-0: Ball
1-0: Bunted foul
1-1: Ball
2-1: Bunted foul
2-2: Ball
3-2: SINGLE (Line Drive, 4MD)
Omar Gutiérrez to second
Pinch Hitting: RHB Lonnie Conrad 0-0: Ball
1-0: Bunt missed!
1-1: Bunted foul
Balk!
Omar Gutiérrez to third
Raúl Andrade to second
1-2: Foul Ball, location: 2F
1-2: Ground out 6-3 (Groundball, 6)
Pitching: RHP Jim Unknown
Batting: RHB Robert Bailey 0-0: Foul Ball, location: 2F
0-1: Ball
1-1: Swinging Strike
1-2: Ball
2-2: Strikes out looking
Pinch Hitting: LHB Jim Unknown 0-0: Called Strike
0-1: Called Strike
0-2: Ball
1-2: Strikes out swinging
Bottom of the 7th over - 0 run(s), 1 hit(s), 0 error(s), 2 left on base; Hialeah 0 - Tortolita 1
TOP OF THE 8TH
Hialeah Dodos batting - Pitching for Tortolita Drummers : RHP Javier Estrada
Now at 2B: David Cross
Now at 3B: Hunter Curtis
Batting: RHB Ludwig Kluge 0-0: Ground out 6-3 (Groundball, 6MD)
Batting: RHB José Ramírez 0-0: SINGLE (Line Drive, 7S)
Batting: RHB David Nielsen 0-0: Ball
1-0: Called Strike
1-1: Ball
2-1: Ball
3-1: Fly out, F9 (Flyball, 89M)
Batting: RHB Joe Guy 0-0: Fly out, F7 (Flyball, 78S)
Top of the 8th over - 0 run(s), 1 hit(s), 0 error(s), 1 left on base; Hialeah 0 - Tortolita 1
BOTTOM OF THE 8TH
Tortolita Drummers batting - Pitching for Hialeah Dodos : RHP Jim Unknown
Batting: RHB Ray Whittier 0-0: Foul Ball, location: 2F
0-1: Ball
1-1: Fly out, F5 (Line Drive, 5)
Batting: LHB Keith Spear 0-0: Ball
1-0: Called Strike
1-1: Foul Ball, location: 2F
1-2: Ball
2-2: Strikes out looking
Batting: RHB Nick Reed 0-0: Ball
1-0: Ball
2-0: Foul Ball, location: 2F
2-1: SINGLE (Groundball, 6M)
Batting: RHB Jim Harris 0-0: Ball
1-0: Called Strike
1-1: Ball
2-1: Ball
3-1: SINGLE (Groundball, 34D)
Nick Reed to second
Runner from 2nd tries for 3rd, SAFE, no throw or cutoff
Batting: SHB Omar Gutiérrez 0-0: Ball
1-0: Ball
2-0: Foul Ball, location: 2F
2-1: Ball
3-1: Foul Ball, location: 2F
3-2: Ground out 4-3 (Groundball, 4)
Bottom of the 8th over - 0 run(s), 2 hit(s), 0 error(s), 2 left on base; Hialeah 0 - Tortolita 1
TOP OF THE 9TH
Hialeah Dodos batting - Pitching for Tortolita Drummers : RHP Javier Estrada
Pitching: LHP Parker Cooke
Pinch Hitting: SHB Esteban Márquez 0-0: Called Strike
0-1: Swinging Strike
0-2: Ball
1-2: Ball
2-2: Foul Ball, location: 2F
2-2: Foul Ball, location: 2F
2-2: Ground out 5-3 (Groundball, 5S)
Batting: RHB Ji-chol Yang 0-0: Ball
1-0: Called Strike
1-1: Ball
2-1: SINGLE (Flyball, 8LS)
Batting: RHB Javier Santos 0-0: Foul Ball, location: 2F
0-1: Foul Ball, location: 2F
0-2: Strikes out swinging
Batting: RHB Pedro Longoria 0-0: Ball
1-0: Ball
2-0: SINGLE (Groundball, 34D) (infield hit)
Ji-chol Yang to second
Batting: RHB Carl Carlson 0-0: Called Strike
0-1: Foul Ball, location: 2F
0-2: Ball
1-2: Fielders Choice at 2nd, 6-4 (Groundball, 6)
Top of the 9th over - 0 run(s), 2 hit(s), 0 error(s), 1 left on base; Hialeah 0 - Tortolita 1
This league is powered by Out of the Park Baseball, the baseball management simulation game for PC, Mac and Linux
Friday, January 22nd, 2016 - OOTP Baseball 16.9 Build 39